 Dungeon Crawl Stone Soup version 0.24.1-8-ga250c9d538 (webtiles) character file.

Game seed: 123997529030666377, levelgen mode: deterministic

272 Gabide the Cudgeler (level 6, -4/47 HPs)
             Began as a Human Fighter on May 9, 2020.
             Was an Initiate of Uskayaw.
             Killed by nerve-wracking pain
             ... invoked by an orc priest
              (15 damage)
             ... on level 4 of the Dungeon.
             The game lasted 00:07:11 (3180 turns).

Gabide the Cudgeler (Human Fighter)                 Turns: 3180, Time: 00:07:17

Health: -4/47      AC:  9    Str: 27    XL:     6   Next: 48%
Magic:  3/6        EV:  6    Int:  8    God:    Uskayaw [......]
Gold:   134        SH: 10    Dex: 12    Spells: 5/5 levels left

rFire    . . .     SeeInvis .   a - +0 flail
rCold    . . .     Gourm    .   c - +0 shield
rNeg     . . .     Faith    .   m - +0 chain mail
rPois    .         Spirit   .   (no helmet)
rElec    .         Reflect  .   (no cloak)
rCorr    .         Harm     +   (no gloves)
MR       .....                  (no boots)
Stlth    ..........             k - amulet of harm
HPRegen  0.15/turn              h - +3 ring of strength
MPRegen  0.10/turn              (no ring)

@: mighty
A: no striking features
a: Renounce Religion


You were on level 4 of the Dungeon.
You worshipped Uskayaw.
Uskayaw was noncommittal.
You were not hungry.

You visited 1 branch of the dungeon, and saw 4 of its levels.

You collected 134 gold pieces.

Inventory:

Hand Weapons
 a - a +0 flail (weapon)
Missiles
 e - 63 stones
 g - 5 javelins (quivered)
Armour
 b - a +0 scale mail
 c - a +0 shield (worn)
 m - a +0 chain mail (worn)
Jewellery
 h - a +3 ring of strength (left hand)
 k - an amulet of harm (around neck)
Wands
 n - a wand of digging (4)
Scrolls
 j - a scroll of identify
Potions
 d - 2 potions of might
 i - a potion of curing {unknown}
 l - a potion of heal wounds {unknown}
 p - a potion of invisibility {unknown}
Comestibles
 f - 5 rations


   Skills:
 + Level 3.5 Fighting
 * Level 4.2 Maces & Flails
 * Level 1.8 Throwing
 + Level 4.0 Armour
 - Level 0.5 Dodging
 + Level 3.6 Shields
 * Level 0.3 Invocations


You had 5 spell levels left.
You didn't know any spells.
Your spell library was empty.

Dungeon Overview and Level Annotations

Branches:
Dungeon (4/15)
 Temple: D:4-7

Altars:
Fedhas
Qazlal
Uskayaw
Wu Jian


Message History

You block the orc wizard's attack. You block the orc's attack.
You hit the orc priest but do no damage.
The orc wizard hits you with a +0 dagger.
The howler monkey hoots and howls with incredible vigour!
You block the orc's attack. The orc wizard casts a spell at you.
The magic dart hits you!
* * * LOW HITPOINT WARNING * * *
You hear a howl!
You feel very mighty all of a sudden. You block the orc wizard's attack.
The orc priest casts a cantrip, but nothing happens.
You block the orc's attack. The orc hits you but does no damage.
You hit the orc priest.
The orc priest is heavily wounded.
The jackal bites you but does no damage.
You block the orc wizard's attack.
The orc priest invokes the aid of Beogh against you.
Pain shoots through your body!
You die...

##### #[. ##...##
... #.....# ..<.
##....# .....
#...## ##.....
###..####.s..#
#....###os...#
#......#oh#
#......@oo#
#....#hoo..#
##...#.h....#
##.#..........
###........#..#.
###..........#..#
.
#..............##
###..##..........
##.....##........


You could see a scorpion, a howler monkey, an orc priest, an orc wizard, 4 orcs,
2 jackals and a giant cockroach.

Vanquished Creatures
  3 orc wizards
  3 worker ants
  3 adders
  2 oozes
  2 worms (D:2)
  A dart slug (D:2)
  4 leopard geckos
  13 orcs
  2 giant cockroaches
  6 goblins
  8 hobgoblins
  3 jackals (D:3)
  5 bats
  5 frilled lizards
  4 kobolds
  7 rats
71 creatures vanquished.

Notes
Turn   | Place    | Note
-------+----------+-------------------------------------------
     0 | D:1      | Gabide the Human Fighter began the quest for the Orb.
     0 | D:1      | Reached XP level 1. HP: 18/18 MP: 1/1
   339 | D:1      | Reached XP level 2. HP: 23/24 MP: 2/2
   761 | D:2      | Reached XP level 3. HP: 29/29 MP: 3/3
   798 | D:2      | Found a hide-covered altar of Uskayaw.
   803 | D:2      | Found a blossoming altar of Fedhas.
   824 | D:2      | Became a worshipper of Uskayaw the Reveler
   844 | D:2      | Reached * piety under Uskayaw
   881 | D:2      | Reached ** piety under Uskayaw
   883 | D:2      | Reached XP level 4. HP: 22/35 MP: 4/4
  1653 | D:2      | Reached skill level 1 in Throwing
  1814 | D:2      | Found an ornate altar of the Wu Jian Council.
  1954 | D:3      | Reached XP level 5. HP: 41/41 MP: 5/5
  2437 | D:3      | Found a stormy altar of Qazlal.
  2782 | D:3      | Reached XP level 6. HP: 12/47 MP: 6/6
  3180 | D:4      | Killed from afar by an orc priest

Levels and vault maps discovered:
D:1:      dpeg_arrival_snail, layout_loops_ring, hex_large
D:2:      minmay_chambers_of_ones, layout_basic, grunt_temple_overflow_open,
          overflow_temple_1_default
D:3:      layout_basic, serial_glass, glass_columns_a, glass_columns_a,
          glass_columns_a, glass_columns_a, glass_columns_a, glass_columns_a,
          glass_columns_c, glass_columns_b, glass_columns_b, glass_columns_a,
          grunt_qazlal_clouds
D:4:      layout_cave_pools, minmay_temple_entry_offerings, first_ration,
          uniq_natasha

Skill      XL: |  1  2  3  4  5  6 |
---------------+-------------------+-----
Maces & Flails | 3 4 |  4.2
Throwing       | 1 |  1.8
Armour         | 4 |  4.0
Fighting       | |  3.5
Dodging        | |  0.5
Shields        | |  3.6
Invocations    | |  0.3

Action                   |  1- 3 |  4- 6 || total
-------------------------+-------+-------++-------
Melee: Flail             |    60 |   188 ||   248
Throw: Stone             |    18 |       ||    18
       Javelin           |     7 |     3 ||    10
Invok: Stomp             |       |     3 ||     3
  Use: Scroll            |       |     3 ||     3
       Potion            |       |     3 ||     3
  Eat: Chunk             |       |     6 ||     6
       Ration            |       |     1 ||     1
Armor: Scale mail        |    28 |    20 ||    48
       Chain mail        |       |    99 ||    99
Dodge: Dodged            |    17 |    53 ||    70
Block: Shield            |    26 |   111 ||   137
